 Dungeon Crawl Stone Soup version 0.20-a0-893-g832831a (webtiles) character file.

543 kroki the Skirmisher (level 7, -19/39 HPs)
             Began as a Vine Stalker Fighter on Mar 16, 2017.
             Was an Initiate of Makhleb.
             Killed from afar by nikopol's ghost (25 damage)
             ... with a flame tongue
             ... on level 5 of the Dungeon.
             The game lasted 00:02:55 (3683 turns).

kroki the Skirmisher (Vine Stalker Fighter)         Turns: 3683, Time: 00:02:55

Health: -19/39     AC: 11    Str: 19    XL:     7   Next: 27%
Magic:  0/8        EV:  3    Int:  8    God:    Makhleb [......]
Gold:   164        SH:  9    Dex: 15    Spells: 6/6 levels left

rFire    . . .     SeeInvis .   a - +0 flail
rCold    + . .     Gourm    .   A - +0 plate armour (curse)
rNeg     + . .     Faith    .   c - +0 shield
rPois    .         Spirit   +   (no helmet)
rElec    .         Reflect  .   (no cloak)
rCorr    .         Harm     .   (no gloves)
MR       .....                  (no boots)
Stlth    ..........             (no amulet)
Regen    0.6/turn               E - ring of protection from cold {rC+, !d}
MPRegen  0.2/turn               i - ring of positive energy {rN+}

@: no status effects
A: fangs 2, regeneration 1, magic shield, antimagic bite, no potion heal 3, rot
immunity
a: Renounce Religion


You were on level 5 of the Dungeon.
You worshipped Makhleb.
Makhleb was noncommittal.
You were not hungry.

You visited 2 branches of the dungeon, and saw 6 of its levels.

You collected 164 gold pieces.

Inventory:

Hand Weapons
 a - a +0 flail (weapon)
Armour
 c - a +0 shield (worn)
 A - a cursed +0 plate armour (worn)
   (You found it on level 2 of the Dungeon)
Jewellery
 i - a ring of positive energy (left hand) {rN+}
   (You found it on level 1 of the Dungeon)
 E - a ring of protection from cold (right hand) {rC+, !d}
   (You found it on level 4 of the Dungeon)
Wands
 s - a wand of random effects (27/48)
   (You found it on level 2 of the Dungeon)
Scrolls
 b - a scroll of enchant weapon {unknown}
 e - 2 scrolls of identify
 l - 2 scrolls of teleportation
 o - a scroll of immolation {unknown}
 p - 3 scrolls of magic mapping {!r}
 v - a scroll of enchant armour {unknown}
 w - 2 scrolls of fear
 x - a scroll of recharging {unknown}
 y - a scroll of amnesia {unknown}
 B - a scroll of fog
Potions
 d - a potion of might
 k - 2 potions of resistance {unknown}
 m - a potion of cancellation {unknown}
 n - 3 potions of curing {unknown}
 q - 3 potions of heal wounds {unknown}
 r - 2 potions of mutation {unknown}
 t - a potion of agility {unknown}
 u - 3 potions of brilliance {unknown}
 C - 2 potions of ambrosia {unknown}
 D - a potion of degeneration {unknown}
 F - a potion of lignification {unknown}
Comestibles
 f - 3 bread rations {@e1}
 g - 9 fruits
 h - 3 royal jellies
 j - 5 meat rations {@e2}
 z - a chunk of flesh {@w0}


   Skills:
 + Level 5.3 Fighting
 * Level 4.5 Maces & Flails
 + Level 3.5 Armour
 - Level 2.6 Shields


You had 6 spell levels left.
You didn't know any spells.

Dungeon Overview and Level Annotations

Branches:
Dungeon (5/15)             Temple (1/1) D:4

Altars:
Dithmenos
Gozag
Hepliaklqana
Makhleb
Okawaru
Qazlal
Wu Jian

Annotations:
D:5 nikopol's ghost, amateur DEFE


Innate Abilities, Weirdness & Mutations

You have extremely sharp teeth.
Your natural rate of healing is unusually fast.
When hurt, damage is shared between your health and your magic reserves.
Your bite disrupts and absorbs the magic of your enemies.
Potions cannot restore your health.
You are immune to rotting.


Message History

There is a staircase to the Ecumenical Temple here.
There is a stone staircase leading down here.
You climb downwards.
There is a stone staircase leading up here.
You now have 164 gold pieces (gained 10).
A centaur skeleton comes into view.
A centaur skeleton is nearby!
A centaur skeleton is nearby!
A centaur skeleton is nearby!
The centaur skeleton hits you but does no damage.
A centaur skeleton is nearby!
You sock the centaur skeleton! You bite the centaur skeleton.
You drain its power. The centaur skeleton hits you.
A centaur skeleton is nearby!
You completely miss the centaur skeleton.
You bite the centaur skeleton. You drain its power.
The centaur skeleton hits you.
You block the centaur skeleton's attack.
A centaur skeleton is nearby!
You hit the centaur skeleton.
You block the centaur skeleton's attack.
A centaur skeleton is nearby!
You sock the centaur skeleton!
You destroy the centaur skeleton!
Makhleb accepts your kill.
All of the chunks of flesh in your inventory have rotted away.
j - 5 meat rations {@e2} (gained 1)
A quokka comes into view.
A quokka is nearby!
A quokka is nearby!
A quokka is nearby!
A quokka is nearby!
You closely miss the quokka. Your bite misses the quokka.
The quokka bites you but does no damage. x2
A quokka is nearby!
You thump the quokka!
You kill the quokka!
Makhleb accepts your kill.
You butcher the quokka corpse.
z - 2 chunks of flesh {@w0}
h - 3 royal jellies (gained 1)
f - 3 bread rations {@e1} (gained 1)
Found a stone staircase leading up.
q - 3 silvery potions (gained 1)
F - a bubbling emerald potion You are feeling hungry.
Eating one of 2 chunks of flesh {@w0}.
You eat one of the 2 chunks of flesh {@w0}.
Nikopol's ghost (amateur Deep Elf Fire Elementalist) comes into view.
It is wielding a vorpal weapon.
Nikopol's ghost turns its malevolent gaze towards you.
Nikopol's ghost is nearby!
Nikopol's ghost casts a spell at you. The flame tongue hits you!
You closely miss nikopol's ghost. Your bite misses nikopol's ghost.
Nikopol's ghost casts a spell at you. The flame tongue hits you!
You hit nikopol's ghost. You bite nikopol's ghost.
Nikopol's ghost's magic leaks into the air.
You drain its magic.
You feel invigorated. You block nikopol's ghost's attack.
You closely miss nikopol's ghost.
You bite nikopol's ghost, but do no damage.
Nikopol's ghost hits you but does no damage.
Nikopol's ghost gestures at you while chanting.
The flame tongue hits you!
You closely miss nikopol's ghost.
You bite nikopol's ghost, but do no damage.
You block nikopol's ghost's attack.
You closely miss nikopol's ghost. Your bite misses nikopol's ghost.
Nikopol's ghost falters for a moment.
You closely miss nikopol's ghost. Your bite misses nikopol's ghost.
You block nikopol's ghost's attack.
You barely miss nikopol's ghost. Your bite misses nikopol's ghost.
You block nikopol's ghost's attack.
Nikopol's ghost hits you but does no damage.
Your plate armour prevents you from hitting nikopol's ghost.
Nikopol's ghost hits you.
You barely miss nikopol's ghost.
Nikopol's ghost hits you but does no damage.
You completely miss nikopol's ghost. You bite nikopol's ghost.
Nikopol's ghost's magic leaks into the air.
You drain its magic.
You feel invigorated. Nikopol's ghost casts a spell at you.
You block the flame tongue.
You miss nikopol's ghost. Your bite misses nikopol's ghost.
Nikopol's ghost hits you but does no damage.
Nikopol's ghost hits you.
You closely miss nikopol's ghost.
You bite nikopol's ghost, but do no damage.
Nikopol's ghost points at you and mumbles some strange words.
You block the flame tongue.
You barely miss nikopol's ghost. Nikopol's ghost casts a spell at you.
The flame tongue hits you!
* * * LOW HITPOINT WARNING * * *
You miss nikopol's ghost. Nikopol's ghost hits you.
* * * LOW HITPOINT WARNING * * *
Nikopol's ghost casts a spell at you. The flame tongue hits you!
Ouch! That really hurt!
You die...

########################
......W@................
.......###########......
....... ..............
....... ########......
....... #.....[ ..?....
#...... [...... #..[...
....... #####.. ##.


You could see nikopol's ghost.

Vanquished Creatures
  The ghost of kroki the Cudgeler, an amateur VSFi (D:4)
  2 scorpions (D:4)
  A crimson imp (D:4)
  A centaur skeleton (D:5)
  An orc priest (D:4)
  4 orc wizards
  An iguana (D:4)
  An adder (D:3)
  2 worms
  An adder skeleton (D:4)
  2 dart slugs (D:1)
  2 leopard geckos (D:3)
  14 orcs
  7 bats
  4 giant cockroaches
  5 goblins
  3 hobgoblins
  8 jackals (D:2)
  7 kobolds
  3 quokkas
  7 frilled lizards
  6 rats
83 creatures vanquished.

Notes
Turn   | Place    | Note
-------+----------+-------------------------------------------
     0 | D:1      | kroki the Vine Stalker Fighter began the quest for the Orb.
     0 | D:1      | Reached XP level 1. HP: 11/11 MP: 2/2
    97 | D:1      | Reached skill level 3 in Fighting
   148 | D:1      | Reached XP level 2. HP: 16/16 MP: 3/3
   838 | D:1      | Reached XP level 3. HP: 9/21 MP: 1/4
  1135 | D:2      | HP: 4/21 [worm (6)]
  1471 | D:2      | Reached skill level 4 in Fighting
  2142 | D:3      | Gained mutation: Your natural rate of healing is unusually fast. [Vine Stalker growth]
  2142 | D:3      | Reached XP level 4. HP: 25/25 MP: 5/5
  2235 | D:3      | Reached skill level 2 in Maces & Flails
  2341 | D:3      | Reached XP level 5. HP: 30/30 MP: 6/6
  2435 | D:3      | Found a hazy altar of Hepliaklqana.
  2616 | D:3      | Found a stormy altar of Qazlal.
  2778 | D:3      | Found a shadowy altar of Dithmenos.
  2782 | D:3      | Found a burning altar of Makhleb.
  2786 | D:3      | Found an opulent altar of Gozag.
  2824 | D:3      | Became a worshipper of Makhleb the Destroyer
  2935 | D:4      | Reached skill level 3 in Maces & Flails
  2952 | D:4      | Noticed kroki's ghost (amateur VSFi)
  2999 | D:4      | Killed kroki's ghost
  2999 | D:4      | Reached skill level 5 in Fighting
  2999 | D:4      | Reached skill level 3 in Armour
  2999 | D:4      | Reached XP level 6. HP: 23/35 MP: 5/7
  3104 | D:4      | Found a staircase to the Ecumenical Temple.
  3286 | D:4      | Reached skill level 4 in Maces & Flails
  3375 | D:4      | Reached XP level 7. HP: 37/39 MP: 6/8
  3532 | Temple   | Entered the Ecumenical Temple
  3551 | D:5      | Entered Level 5 of the Dungeon
  3665 | D:5      | Noticed nikopol's ghost (amateur DEFE)
  3682 | D:5      | HP: 7/39 [nikopol's ghost/flame tongue (9)]
  3683 | D:5      | Killed from afar by nikopol's ghost

Vault maps used:
D:1:      dpeg_arrival_houses_and_road, st_stairs_13, minmay_tetromino_l2
D:3:      grunt_temple_overflow_cloverleaf, nicolae_qazlal_general_emergency,
          grunt_ministairs_2
D:4:      minmay_temple_entry_glass
D:5:      lemuel_coloured_pillars_altar, nicolae_overflow_hidden_temple,
          first_bread
Temple:   compressed_dpeg_triangle_lava_temple

Skill      XL: |  1  2  3  4  5  6 |
---------------+-------------------+-----
Fighting       | 3 4 5 |  5.3
Maces & Flails | 2 3 4 |  4.5
Armour         | 3 |  3.5
Shields        | |  2.6

Action                   |  1- 3 |  4- 6 |  7- 9 || total
-------------------------+-------+-------+-------++-------
Melee: Flail             |   125 |   156 |    30 ||   311
       Bite              |    33 |    59 |    10 ||   102
  Use: Scroll            |       |       |     5 ||     5
  Eat: Chunk             |     4 |     4 |     2 ||    10
Armor: Scale mail        |    59 |       |       ||    59
       Plate armour      |     4 |   119 |    10 ||   133
Dodge: Dodged            |    46 |    21 |     2 ||    69
Block: Shield            |    66 |    91 |    17 ||   174

Vault maps used:
D:1:      dpeg_arrival_houses_and_road, st_stairs_13, minmay_tetromino_l2
D:3:      grunt_temple_overflow_cloverleaf, nicolae_qazlal_general_emergency,
          grunt_ministairs_2
D:4:      minmay_temple_entry_glass
D:5:      lemuel_coloured_pillars_altar, nicolae_overflow_hidden_temple,
          first_bread
Temple:   compressed_dpeg_triangle_lava_temple

Table legend:
 A = Turns spent in this place as a percentage of turns spent in the entire game.
 B = Non-inter-level travel turns spent in this place as a percentage of non-inter-level travel turns spent in the entire game.
 C = Inter-level travel turns spent in this place as a percentage of turns spent in this place.
 D = Turns resting spent in this place as a percentage of non-inter-level travel turns spent in this place.
 E = Turns spent auto-exploring this place as a percentage of non-inter-level travel turns spent in this place.
 F = Non-inter-level travel turns spent in this place divided by the number of levels of this place that you've seen.
                   A       B       C       D       E      F
               +-------+-------+-------+-------+-------+----------------------
         Total | 100.0 | 100.0 |   0.4 |   0.3 |  15.5 | 317.0
       Dungeon |  99.9 |  99.9 |   0.4 |   0.3 |  15.5 | 380.0
        Temple |   0.1 |   0.1 |   0.0 |   0.0 |   0.0 |   2.0
               +-------+-------+-------+-------+-------+----------------------

Table legend:
 A = Kills in this place as a percentage of kills in entire the game.
 B = Kills by you in this place as a percentage of kills by you in the entire game.
 C = Kills by friends in this place as a percentage of kills by friends in the entire game.
 D = Other kills in this place as a percentage of other kills in the entire game.
 E = Experience gained in this place as a percentage of experience gained in the entire game.
 F = Experience gained in this place divided by the number of levels of this place that you have seen.
                   A       B       C       D       E      F
               +-------+-------+-------+-------+-------+----------------------
         Total | 100.0 | 100.0 |  -nan |  -nan | 100.0 | 129.5
       Dungeon | 100.0 | 100.0 |  -nan |  -nan | 100.0 | 155.4
               +-------+-------+-------+-------+-------+----------------------
